 Dungeon Crawl Stone Soup version 0.30-a0-341-g682706514a (webtiles) character file.

Game seed: 5259505024123867245

246 Lambsauce the Covered (level 5, -2/47 HPs)
             Began as a Minotaur Fighter on Nov 2, 2022.
             Slain by a two-headed ogre
             ... wielding a +0 giant club
              (24 damage)
             ... on level 5 of the Dungeon.
             The game lasted 00:04:47 (2655 turns).

Lambsauce the Covered (Minotaur Fighter)            Turns: 2655, Time: 00:04:48

Health: -2/47      AC:  7    Str: 27    XL:     5   Next: 84%
Magic:  4/4        EV:  9    Int:  5    God:
Gold:   184        SH:  4    Dex: 10    Spells: 4/4 levels left

rFire   x . .      SeeInvis .    n - +9 trident "Sotoeh" {venom, Str+5}
rCold   . . .      Faith    .    c - +0 buckler
rNeg    . . .      Spirit   .    b - +0 scale mail
rPois   .          Reflect  .    (helmet restricted)
rElec   .          Harm     .    (no cloak)
rCorr   .          Rampage  .    (no gloves)
Will    .....                    (no boots)
Stlth   ..........               (no amulet)
HPRegen 0.27/turn                (no ring)
MPRegen 0.09/turn                (no ring)

@: no status effects
A: horns 2, retaliatory headbutt, heat vulnerability 1
a: no special abilities


You were on level 5 of the Dungeon.
You visited 1 branch of the dungeon, and saw 5 of its levels.

You collected 184 gold pieces.

Inventory:

Hand Weapons
 a - a +2 vampiric war axe
 n - the +9 trident "Sotoeh" (weapon) {venom, Str+5}
   (You found it on level 5 of the Dungeon)

   It poisons the flesh of those it strikes.
   Str:       It affects your strength (+5).
Armour
 b - a +0 scale mail (worn)
 c - a +0 buckler (worn)
Wands
 j - a wand of flame (12)
 o - a wand of roots (14)
Scrolls
 e - a scroll of enchant weapon
 g - 2 scrolls of blinking
 h - 2 scrolls of magic mapping
 k - 2 scrolls of teleportation
 l - 2 scrolls of fear
Potions
 d - a potion of might
 f - 2 potions of degeneration {unknown}
 i - a potion of mutation
 m - a potion of magic {unknown}


   Skills:
 + Level 4.6 Fighting
 + Level 4.9 Axes
 + Level 0.2(3.0) Polearms
 + Level 5.4 Armour
 + Level 0.3 Dodging
 + Level 4.2 Shields


You had 4 spell levels left.
You didn't know any spells.
Your spell library contained the following spells:

 Spells                   Type           Power      Damage    Failure   Level
 Sting                    Tmut/Pois      0%         1d3       83%         1
 Poisonous Vapours        Pois/Air       0%         N/A       92%         2
 Sublimation of Blood     Necr           0%         N/A       92%         2
 Wereblood                Tmut           0%         N/A       92%         2
 Call Canine Familiar     Summ           0%         N/A       99%         3
 Inner Flame              Hex/Fire       0%         N/A       99%         3
 Portal Projectile        Hex/Tloc       0%         N/A       99%         3
 Cause Fear               Hex            0%         N/A       100%        4
 Leda's Liquefaction      Hex/Erth       0%         N/A       100%        4
 Olgreb's Toxic Radiance  Pois           0%         N/A       100%        4
 Summon Hydra             Summ           0%         N/A       100%        7
 Discord                  Hex            0%         N/A       100%        8


Dungeon Overview and Level Annotations

Branches:
Dungeon (4/15)
 Temple: D:4-7

Altars:
Vehumet


Innate Abilities, Weirdness & Mutations

You have a pair of horns on your head.
You reflexively headbutt those who attack you in melee.
You are vulnerable to heat. (rF-)


Message History

Menkaure, Prince of Dust comes into view.
Menkaure shouts!
Menkaure mumbles some strange words.
Menkaure seems to speed up.
You impale Menkaure!! Your headbutt misses Menkaure.
Menkaure is severely damaged.
Menkaure calls on the powers of darkness!
Your body is wracked with pain!
You hit Menkaure. You headbutt Menkaure.
You destroy Menkaure!
Your Armour skill increases to level 5!
You have reached level 5!
HP restored.
k - 2 scrolls of teleportation (gained 1)
Found a stone staircase leading down.
A two-headed ogre comes into view.
It is wielding a +0 giant club and a +0 giant spiked club.
The two-headed ogre shouts in stereo!
You see here a +3 short sword of freezing.
You reach to attack!
You hit the two-headed ogre.
The two-headed ogre is poisoned.
The two-headed ogre is lightly wounded.
You hit the two-headed ogre.
The two-headed ogre looks as sick as possible!
You headbutt the two-headed ogre!
The two-headed ogre is moderately wounded.
You block the two-headed ogre's attack.
The two-headed ogre hits you with a +0 giant spiked club!!
You see here a +3 short sword of freezing.
The two-headed ogre attacks as you move away!
The two-headed ogre hits you with a +0 giant club!
The two-headed ogre barely misses you.
Found 6 gold pieces.
The two-headed ogre attacks as you move away!
The two-headed ogre closely misses you.
The two-headed ogre hits you but does no damage.
Found a long sword.
The two-headed ogre attacks as you move away!
The two-headed ogre hits you with a +0 giant club!!
Ouch! That really hurt!
You die...

## #..# ). ....##.)# #
.. ........# # #.
##..###.# # #. #..###.#
# #. #...##.## # #.
#...#...####
####.#.######...........
.......@O#..........####
....$###...........##
### ###.........#
####...#### ..>..#
###...# #####


You could see a two-headed ogre (very poisoned).

Vanquished Creatures
  Menkaure (D:5)
  An orc wizard (D:2)
  2 adders
  3 worms
  A dart slug (D:1)
  8 orcs
  4 ball pythons
  4 bats
  4 endoplasms
  4 giant cockroaches
  6 goblins
  4 hobgoblins
  3 quokkas
  3 frilled lizards
  9 kobolds
  3 rats (D:1)
60 creatures vanquished.

Notes
Turn   | Place    | Note
-------+----------+-------------------------------------------
     0 | D:1      | Lambsauce the Minotaur Fighter began the quest for the Orb.
     0 | D:1      | Reached XP level 1. HP: 19/19 MP: 0/0
   122 | D:1      | Found a faded altar of an unknown god.
   202 | D:1      | Reached XP level 2. HP: 27/27 MP: 1/1
   884 | D:2      | Reached skill level 4 in Armour
   999 | D:2      | Reached XP level 3. HP: 30/33 MP: 2/2
  1172 | D:2      | Reached XP level 4. HP: 41/41 MP: 3/3
  2242 | D:3      | Gained mutation: You are vulnerable to heat. (rF-) [potion
                  | of mutation]
  2310 | D:4      | Found a radiant altar of Vehumet.
  2409 | D:4      | You fall into a shaft and drop 1 floor!
  2409 | D:5      | Entered Level 5 of the Dungeon
  2418 | D:5      | Identified the +9 trident "Sotoeh" {venom, Str+5}
  2508 | D:5      | Noticed Menkaure
  2512 | D:5      | Killed Menkaure
  2513 | D:5      | Reached skill level 5 in Armour
  2513 | D:5      | Reached XP level 5. HP: 25/47 MP: 4/4
  2633 | D:5      | Noticed a two-headed ogre
  2655 | D:5      | Slain by a two-headed ogre

Illustrated notes

Levels and vault maps discovered:
D:1:      dpeg_arrival_chambers_temple_mockup, layout_basic,
          chequers_ecumenical_altar_simple, minmay_unequal
D:2:      layout_rooms
D:3:      layout_loops_ring, minmay_misc_feat_columns
D:4:      minmay_razor_zed, layout_loops_cross, vehumet_altar_wand_db
D:5:      layout_loops_ring, minmay_temple_entry_sparse_star, uniq_menkaure

Skill      XL: |  1  2  3  4 |
---------------+-------------+-----
Fighting       | 4 |  4.6
Armour         | 4 5 |  5.4
Shields        | 4 |  4.2
Axes           | 3 4 |  4.9
Polearms       | |  0.2
Dodging        | |  0.3

Action                   |  1- 3 |  4- 6 || total
-------------------------+-------+-------++-------
Melee: War axe           |    53 |    46 ||    99
       Headbutt          |     8 |     4 ||    12
       Trident           |       |     7 ||     7
  Use: Scroll            |     4 |     7 ||    11
       Potion            |       |     4 ||     4
Armor: Scale mail        |    30 |    13 ||    43
Dodge: Dodged            |    17 |    26 ||    43
Block: Buckler           |     7 |     5 ||    12

Table legend: (Time is in decaauts)
 A = Elapsed time spent in this place.
 B = Non-inter-level travel time spent in this place.
 C = Inter-level travel time spent in this place.
 D = Time resting spent in this place.
 E = Time spent auto-exploring this place.
 F = Levels seen in this place.
 G = Mean time per level.
                   A        B        C        D        E       F      G
               +--------+--------+--------+--------+--------+-----+--------+
         Total |   2691 |   2576 |    115 |    254 |   1921 |   5 |  538.2 |
       Dungeon |   2691 |   2576 |    115 |    254 |   1921 |   5 |  538.2 |
               +--------+--------+--------+--------+--------+-----+--------+

Top non-repeatable levels by time:
     D:3: 899 daAuts
     D:1: 891 daAuts
     D:2: 501 daAuts
     D:5: 246 daAuts
     D:4: 153 daAuts
